 Dungeon Crawl Stone Soup version 0.23.2-33-g5129a83184 (webtiles) character file.

Game seed: 13167404588037700095

128 FishyPogo the Skirmisher (level 4, -7/41 HPs)
             Began as a Demonspawn Wanderer on Aug 9, 2019.
             Mangled by an iguana (12 damage)
             ... on level 4 of the Dungeon.
             The game lasted 00:07:50 (2651 turns).

FishyPogo the Skirmisher (Demonspawn Wanderer)      Turns: 2651, Time: 00:07:50

Health: -7/41      AC:  4    Str: 13    XL:     4   Next: 86%
Magic:  4/4        EV: 12    Int: 12    God:
Gold:   167        SH:  4    Dex: 14    Spells: 3/3 levels left

rFire    . . .     SeeInvis .   a - +0 falchion
rCold    + . .     Gourm    +   (no shield)
rNeg     + . .     Faith    .   w - +1 leather armour {rN+}
rPois    .         Spirit   .   (helmet restricted)
rElec    .         Reflect  .   (no cloak)
rCorr    .         Harm     .   (no gloves)
MR       .....                  (no boots)
Stlth    +.........             t - amulet of the gourmand
HPRegen  0.13/turn              n - ring of protection from cold
MPRegen  0.09/turn              (no ring)

@: no status effects
A: antennae 1, large bone plates 1, powered by death 1
a: no special abilities


You were on level 4 of the Dungeon.
You were completely stuffed.

You visited 1 branch of the dungeon, and saw 4 of its levels.

You collected 167 gold pieces.

Inventory:

Hand Weapons
 a - a +0 falchion (weapon)
 b - a +0 dagger of protection
 k - a +0 shortbow
 y - a +2 short sword of draining
Missiles
 c - 132 arrows
 r - 82 stones (quivered)
Armour
 d - a +0 shield
 e - a +0 robe
 w - a +1 leather armour of positive energy (worn)
Jewellery
 g - an uncursed amulet of faith {unknown}
 n - a ring of protection from cold (left hand)
 t - an amulet of the gourmand (around neck)
Wands
 v - a wand of paralysis (9)
Scrolls
 i - a scroll of teleportation {unknown}
 l - a scroll of random uselessness {unknown}
 p - 3 scrolls of remove curse
 z - a scroll of blinking {unknown}
 A - a scroll of enchant armour {unknown}
Potions
 h - 2 potions of curing {unknown}
 j - a potion of resistance {unknown}
 m - 2 potions of agility
 o - 3 potions of lignification {unknown}
 q - a potion of haste {unknown}
 s - a potion of brilliance {unknown}
 u - a potion of cancellation {unknown}
Comestibles
 f - 8 rations
 x - 3 chunks of flesh


   Skills:
 + Level 6.3 Fighting
 * Level 2.6 Long Blades
   Level 1.0 Axes
 * Level 1.0 Armour
 * Level 2.2 Dodging
 - Level 1.0 Shields
 + Level 1.1 Evocations


You had 3 spell levels left.
You didn't know any spells.
Your spell library was empty.

Dungeon Overview and Level Annotations

Branches:
Dungeon (4/15)
 Temple: D:4-7

Altars:


Innate Abilities, Weirdness & Mutations

You have a pair of small antennae on your head.
You are partially covered in large bone plates. (SH +4)
You regenerate a little health from kills.


Message History

The iguana is heavily wounded.
The iguana bites you.
You hit the iguana.
The iguana is heavily wounded.
The iguana barely misses you.
You hit the iguana but do no damage.
The iguana is heavily wounded.
The iguana bites you!
You hit the iguana.
The iguana is severely wounded.
The iguana bites you.
You are too injured to fight recklessly!
You are too injured to fight recklessly!
You are too injured to fight recklessly!
You hit the iguana but do no damage.
The iguana is severely wounded.
The iguana bites you!
* * * LOW HITPOINT WARNING * * *
The iguana bites you!
You die...

#####. #....#
#....# . #####....#
.. .........# ...
.........# ....
.......l.##.....
.>.....@....#
.....###.##+#######
..... #...........
.....# #........<.
.....####.........
............######
####...............
.............######
###.........#


You could see an iguana.

Vanquished Creatures
  A worker ant (D:4)
  3 adders
  An ooze (D:1)
  2 worms (D:2)
  3 dart slugs (D:1)
  3 leopard geckos
  An orc (D:3)
  A ball python (D:1)
  6 goblins
  6 hobgoblins
  2 jackals (D:2)
  3 kobolds
  14 bats
  5 frilled lizards
  10 rats
61 creatures vanquished.

Notes
Turn   | Place    | Note
-------+----------+-------------------------------------------
     0 | D:1      | FishyPogo the Demonspawn Wanderer began the quest for the
                  | Orb.
     0 | D:1      | FishyPogo set off with the following items: a +0 falchion,
                  | a +0 shortbow, 24 arrows, a +0 shield, a +0 robe, a ration
     0 | D:1      | Reached XP level 1. HP: 22/22 MP: 1/1
   198 | D:1      | Gained mutation: You regenerate a little health from kills.
                  | [demonic ancestry]
   198 | D:1      | Reached XP level 2. HP: 26/28 MP: 2/2
   277 | D:1      | Reached skill level 1 in Dodging
   466 | D:1      | Gained mutation: You are partially covered in large bone
                  | plates. (SH +4) [demonic ancestry]
   466 | D:1      | Reached XP level 3. HP: 31/34 MP: 3/3
  2014 | D:3      | Gained mutation: You have a pair of small antennae on your
                  | head. [demonic ancestry]
  2014 | D:3      | Reached XP level 4. HP: 39/40 MP: 4/4
  2582 | D:4      | Reached skill level 1 in Armour
  2651 | D:4      | Mangled by an iguana

Skill      XL: |  1  2  3  4 |
---------------+-------------+-----
Dodging        | 1 2 |  2.2
Long Blades    | 2 |  2.6
Armour         | 1 |  1.0
Fighting       | |  6.3
Axes           | |  1.0
Shields        | |  1.0
Evocations     | |  1.1

Action                   |  1- 3 |  4- 6 || total
-------------------------+-------+-------++-------
Melee: Falchion          |   164 |    48 ||   212
       Dagger            |    13 |       ||    13
  Use: Scroll            |     3 |       ||     3
 Stab: Sleeping          |     2 |       ||     2
  Eat: Chunk             |    11 |     5 ||    16
Armor: Robe              |    41 |       ||    41
       Leather armour    |     8 |     9 ||    17
Dodge: Dodged            |   111 |    39 ||   150
Block: Other             |    23 |     7 ||    30
       Rpst.: Falchion   |    37 |    11 ||    48
